 Dungeon Crawl Stone Soup version 0.21.1-1-g345015f (webtiles) character file.

65 Fang the Skirmisher (level 4, -1/43 HPs)
             Began as a Gargoyle Berserker on May 25, 2018.
             Was a Believer of Trog.
             Slain by a gnoll
             ... wielding a +0 halberd
              (6 damage)
             ... on level 2 of the Dungeon.
             The game lasted 00:02:38 (1854 turns).

Fang the Skirmisher (Gargoyle Berserker)            Turns: 1854, Time: 00:02:38

Health: -1/43      AC:  5    Str: 26    XL:     4   Next: 13%
Magic:  4/4        EV: 12    Int:  8    God:    Trog [**....]
Gold:   88         SH:  0    Dex:  9    Spells: 3/3 levels left

rFire    . . .     SeeInvis .   a - +0 hand axe
rCold    . . .     Gourm    .   (no shield)
rNeg     + . .     Faith    .   b - +0 animal skin
rPois    ∞         Spirit   .   (no helmet)
rElec    +         Reflect  .   (no cloak)
rCorr    .         Harm     .   (no gloves)
MR       .....                  (no boots)
Stlth    ..........             (no amulet)
HPRegen  0.14/turn              d - ring of flight
MPRegen  0.09/turn              (no ring)

@: berserking, very quick
A: negative energy resistance 1, electricity resistance, unbreathing,
petrification resistance, rot immunity, AC +3
a: Berserk, Trog's Hand, Burn Spellbooks, Renounce Religion, Evoke Flight


You were on level 2 of the Dungeon.
You worshipped Trog.
Trog was pleased with you.
You were near starving.

You visited 1 branch of the dungeon, and saw 2 of its levels.

You collected 88 gold pieces.

Inventory:

Hand Weapons
 a - a +0 hand axe (weapon)
Missiles
 f - 6 steel javelins (quivered)
Armour
 b - a +0 animal skin (worn)
Jewellery
 d - a ring of flight (left hand)
Scrolls
 e - 2 scrolls of identify {unknown}
 h - a scroll of enchant armour {unknown}
 i - a scroll of amnesia {unknown}
Potions
 g - a potion of mutation {unknown}
Comestibles
 c - a ration


   Skills:
 + Level 3.8 Fighting
 + Level 3.6 Axes
 + Level 2.3 Armour
 + Level 2.0 Dodging
 + Level 1.0 Stealth


You had 3 spell levels left.
You didn't know any spells.

Dungeon Overview and Level Annotations

Branches:
Dungeon (2/15)

Altars:


Innate Abilities, Weirdness & Mutations

You are resistant to torment.
Your stone body is resilient. (AC +3)
You are immune to poison.
You resist negative energy. (rN+)
You are resistant to electric shocks. (rElec)
You can survive without breathing.
You are immune to petrification.
You are immune to rotting.


Message History

You feel clever.
You barely miss the adder.
The gnoll hits you from afar with a halberd!
The adder barely misses you. The gnoll barely misses you.
You are too injured to fight recklessly!
Unknown command.
You closely miss the adder.
The gnoll hits you from afar with a halberd!
* * * LOW HITPOINT WARNING * * *
The adder barely misses you. The gnoll closely misses you.
The gnoll hits you from afar with a spear of venom.
* * * LOW HITPOINT WARNING * * *
Unknown command.
You miss the adder. The adder misses you.
The gnoll hits you from afar with a halberd.
* * * LOW HITPOINT WARNING * * *
Unknown command.
You miss the adder. The gnoll closely misses you.
The gnoll hits you from afar with a halberd.
You die...

#... #### #.... # ...
...... #. ..######....
######.##%.#... S...
#...##.#>....## #..##
.<....ggg.... ####...##
... #..)..# ........#
#.# #@S.##.#####.#..#
#.# #......# #.#..#
#.#####%.###.# #...÷#
#....#...# #.# #....#
#.#.....####.# ###....##
#..#....#..... ..#......
#.#....##.##.# #.#...###
#.##.#.##.##.# #.#.>.###
#.##....#.##.###.#......


You could see 3 gnolls and an adder.

Vanquished Creatures
  A gnoll (D:2)
  2 adders (D:2)
  A worm (D:2)
  A leopard gecko (D:2)
  3 giant cockroaches
  8 goblins
  2 jackals (D:1)
  A quokka (D:2)
  5 bats
  A frilled lizard (D:1)
  4 kobolds
  4 rats
33 creatures vanquished.

Notes
Turn   | Place    | Note
-------+----------+-------------------------------------------
     0 | D:1      | Fang the Gargoyle Berserker began the quest for the Orb.
     0 | D:1      | Reached XP level 1. HP: 14/14 MP: 1/1
   185 | D:1      | Reached XP level 2. HP: 14/19 MP: 2/2
   270 | D:1      | Noticed an ogre
   270 | D:1      | Noticed an ogre
   271 | D:1      | Noticed an ogre
   271 | D:1      | Noticed an ogre
   676 | D:1      | Reached ** piety under Trog
   982 | D:2      | Reached XP level 3. HP: 22/23 MP: 3/3
  1851 | D:2      | Reached skill level 1 in Stealth
  1851 | D:2      | Reached XP level 4. HP: 28/29 MP: 4/4
  1854 | D:2      | Slain by a gnoll

Skill      XL: |  1  2  3 |
---------------+----------+-----
Axes           | 3 |  3.6
Dodging        | 2 |  2.0
Stealth        | 1 |  1.0
Fighting       | |  3.8
Armour         | |  2.3

Action                   |  1- 3 |  4- 6 || total
-------------------------+-------+-------++-------
Melee: Hand axe          |   123 |     3 ||   126
Invok: Berserk           |     1 |       ||     1
 Stab: Sleeping          |     2 |       ||     2
  Eat: Chunk             |     2 |       ||     2
Armor: Animal skin       |    45 |       ||    45
Dodge: Dodged            |   110 |     6 ||   116
